 Dungeon Crawl Stone Soup version 0.25-a0-635-g0c6c292ef3 (webtiles) character file.

Game seed: 14582914003240280969, levelgen mode: deterministic

2946 kae the Cleaver (level 9, -1/83 (85) HPs)
             Began as a Hill Orc Fighter on Mar 20, 2020.
             Was an Initiate of Qazlal.
             Slain by a killer bee (7 damage)
             ... on level 7 of the Dungeon.
             The game lasted 00:05:28 (5833 turns).

kae the Cleaver (Hill Orc Fighter)                  Turns: 5833, Time: 00:05:29

HP:   -1/83 (85)    AC:  7    Str: 22    XL:     9   Next: 80%
MP:   9/9           EV:  7    Int:  8    God:    Qazlal [......]
Gold: 393           SH:  9    Dex: 13    Spells: 8/8 levels left

rFire    . . .     SeeInvis .   a - +1 war axe
rCold    . . .     Gourm    .   c - +0 kite shield
rNeg     + . .     Faith    .   b - +1 scale mail
rPois    .         Spirit   .   (no helmet)
rElec    .         Reflect  .   (no cloak)
rCorr    .         Harm     .   (no gloves)
MR       .....                  (no boots)
Stlth    ..........             (no amulet)
HPRegen  0.23/turn              g - ring of positive energy
MPRegen  0.11/turn              A - +3 ring of dexterity

@: about to teleport, hasted, very quick
A: no striking features
a: Renounce Religion


You were on level 7 of the Dungeon.
You worshipped Qazlal.
Qazlal was noncommittal.
You were not hungry.

You visited 2 branches of the dungeon, and saw 8 of its levels.

You collected 393 gold pieces.

Inventory:

Hand Weapons
 a - a +1 war axe (weapon)
Armour
 b - a +1 scale mail (worn)
 c - a +0 kite shield (worn)
Jewellery
 g - a ring of positive energy (left hand)
 s - an uncursed ring of wizardry
 x - an uncursed ring of protection from fire
 A - a +3 ring of dexterity (right hand)
 F - an uncursed ring of resist corrosion {unknown}
Wands
 B - a wand of iceblast (14)
Scrolls
 k - 4 scrolls of enchant armour
 o - a scroll of magic mapping
 r - 2 scrolls of enchant weapon
 v - 5 scrolls of remove curse
 y - 3 scrolls of acquirement {unknown}
 C - a scroll of torment {unknown}
 D - a scroll of noise {unknown}
 E - a scroll of identify
 G - a scroll of fear {unknown}
Potions
 d - a potion of might
 e - a potion of flight
 h - 2 potions of lignification {unknown}
 j - 2 potions of ambrosia {unknown}
 m - 2 potions of magic
 n - a potion of cancellation {unknown}
 p - a potion of curing {unknown}
 q - 2 potions of berserk rage {unknown}
 t - a potion of brilliance {unknown}
 u - 2 potions of degeneration {unknown}
 w - a potion of haste
 z - 2 potions of invisibility {unknown}
Comestibles
 f - 12 rations


   Skills:
 + Level 9.8 Fighting
 * Level 13.7 Axes
 - Level 3.2 Armour
 - Level 3.2 Shields


You had 8 spell levels left.
You didn't know any spells.
Your spell library contained the following spells:

 Spells                   Type           Power        Failure   Level  Hunger
 Animate Skeleton         Necr           N/A          99%         1    ##.....
 Apportation              Tloc           #.....       99%         1    ##.....
 Beastly Appendage        Tmut           #.....       99%         1    ##.....
 Corona                   Hex            #......      99%         1    ##.....
 Summon Small Mammal      Summ           #...         99%         1    ##.....
 Sticks to Snakes         Tmut           #.......     100%        2    ###....
 Spider Form              Tmut/Pois      #.........   100%        3    ####...
 Ice Form                 Ice/Tmut       #.......     100%        4    #####..
 Blade Hands              Tmut           #.........   100%        5    ######.


Dungeon Overview and Level Annotations

Branches:
Dungeon (7/15)             Temple (1/1) D:6

Altars:
Ashenzari
Cheibriados
Dithmenos
Elyvilon
Fedhas
Gozag
Hepliaklqana
Makhleb
Nemelex Xobeh
Okawaru
Qazlal
Ru
Sif Muna
Trog
Uskayaw
Vehumet
Wu Jian
Xom
Yredelemnul
Zin
The Shining One

Annotations:
D:3 2 transporters, poopendork's ghost, amateur CeAM


Message History

* * * LOW HITPOINT WARNING * * *
The hog bites you.
* * * LOW HITPOINT WARNING * * *
As you read the scroll of teleportation, it crumbles to dust.
You feel strangely unstable.
Your surroundings suddenly seem different.
A killer bee comes into view.
The killer bee buzzes angrily.
A killer bee comes into view.
The killer bee buzzes angrily.
You hear an angry buzzing noise.
A killer bee comes into view.
A hippogriff comes into view.
The killer bee moves out of view.
The killer bee buzzes angrily.
Found a robe and 19 arrows.
As you read the scroll of teleportation, it crumbles to dust.
You feel strangely unstable. The killer bee stings you.
* * * LOW HITPOINT WARNING * * *
A killer bee comes into view.
The killer bee stings you!
You die...

.##...........
.#...........
...........###
.(..........#
#............
##...........#
#..#.............
.......@..H......
###....y.........
.....
#...#y#.........
........ ....
#.#.........
.....≈.. ...
.y.##....[..
....[.≈. .. .y##
....... ........
. .y.. ^......
#....... ....
≈.....# #...(.. .
#.....#


You could see a hippogriff and 4 killer bees.

Vanquished Creatures
  Grinder (D:5)
  Sigmund (D:4)
  2 hogs (D:7)
  A human (D:7)
  Menkaure (D:5)
  Edmund (D:4)
  A sky beast (D:7)
  A necrophage (D:6)
  4 ogres
  3 phantoms
  A centaur (D:5)
  2 scorpions
  A water moccasin skeleton (D:5)
  2 crimson imps (D:7)
  3 bullfrog zombies
  4 hounds
  2 jellies
  2 orc wizards
  2 orc priests
  2 bullfrog skeletons
  Ijyb (D:4)
  3 iguanas
  2 worker ants
  A hound zombie (D:6)
  2 hound skeletons
  A worker ant zombie (D:6)
  6 gnolls
  A howler monkey skeleton (D:6)
  7 adders
  2 adder skeletons (D:4)
  An adder zombie (D:6)
  3 worms
  3 dart slugs
  4 leopard geckos
  9 orcs
  6 giant cockroaches
  8 goblins
  10 hobgoblins
  11 jackals
  8 kobolds
  A ball python (D:2)
  A ball python skeleton (D:4)
  4 bats
  8 frilled lizards
  A quokka skeleton (D:6)
  5 rats
146 creatures vanquished.

Notes
Turn   | Place    | Note
-------+----------+-------------------------------------------
     0 | D:1      | kae the Hill Orc Fighter began the quest for the Orb.
     0 | D:1      | Reached XP level 1. HP: 19/19 MP: 1/1
    25 | D:1      | Reached skill level 3 in Axes
    32 | D:1      | Reached XP level 2. HP: 22/27 MP: 2/2
   395 | D:1      | Reached skill level 4 in Axes
   397 | D:1      | Reached XP level 3. HP: 30/33 MP: 3/3
  1115 | D:2      | Reached XP level 4. HP: 41/41 MP: 4/4
  1223 | D:2      | Reached skill level 5 in Axes
  1551 | D:3      | Reached XP level 5. HP: 35/47 MP: 5/5
  1576 | D:3      | Reached skill level 6 in Axes
  1585 | D:3      | Reached skill level 5 in Fighting
  1958 | D:3      | Noticed poopendork's ghost (amateur CeAM)
  2034 | D:3      | Found a transporter.
  2038 | D:3      | Found a transporter.
  2238 | D:4      | Reached skill level 7 in Axes
  2238 | D:4      | Reached XP level 6. HP: 56/56 MP: 6/6
  2280 | D:4      | Noticed Edmund
  2297 | D:4      | Killed Edmund
  2361 | D:4      | Noticed a phantom
  2395 | D:4      | Killed a phantom
  2395 | D:4      | Reached skill level 8 in Axes
  2395 | D:4      | Reached XP level 7. HP: 57/63 MP: 7/7
  2611 | D:4      | Noticed Sigmund
  2636 | D:4      | Killed Sigmund
  2636 | D:4      | Reached skill level 9 in Axes
  2895 | D:4      | Found an opulent altar of Gozag.
  3083 | D:4      | Noticed Ijyb
  3093 | D:4      | Killed Ijyb
  3532 | D:5      | Entered Level 5 of the Dungeon
  3584 | D:5      | Reached XP level 8. HP: 60/73 MP: 8/8
  3623 | D:5      | Reached skill level 10 in Axes
  3759 | D:5      | Noticed Grinder
  3765 | D:5      | Paralysed by Grinder for 3 turns
  3776 | D:5      | Killed Grinder
  4150 | D:5      | Reached skill level 11 in Axes
  4560 | D:5      | Noticed Menkaure
  4574 | D:5      | Killed Menkaure
  4767 | D:6      | Reached XP level 9. HP: 77/82 MP: 9/9
  4799 | D:6      | Reached skill level 12 in Axes
  4995 | D:6      | Found a staircase to the Ecumenical Temple.
  5120 | Temple   | Entered the Ecumenical Temple
  5171 | Temple   | Became a worshipper of Qazlal Stormbringer
  5632 | D:7      | Reached skill level 13 in Axes
  5799 | D:7      | HP: 2/83 [hog (5)]
  5833 | D:7      | Slain by a killer bee

Levels and vault maps discovered:
D:1:      wander_arrival_peaceful_grave, layout_basic, minmay_crystal_water,
          minmay_3d_cube
D:2:      layout_basic
D:3:      layout_rooms, gammafunk_ghost_arena, minmay_fractal_squares_gapless_5
D:4:      layout_loops_corners, kennysheep_cluttered_room,
          nicolae_gozag_seed_capital, uniq_sigmund, uniq_ijyb, uniq_edmund
D:5:      layout_loops_ring, first_ration, uniq_grinder, uniq_menkaure
D:6:      layout_rooms, minmay_temple_entry_proselytizer
D:7:      layout_cave_pools, serial_rivers, chequers_serial_rivers_small_a,
          chequers_serial_rivers_micro_c, chequers_serial_rivers_large_b,
          chequers_serial_rivers_small_a, grunt_livestock
Temple:   nicolae_temple_the_god_donut

Skill      XL: |  1  2  3  4  5  6  7  8  9 |
---------------+----------------------------+-----
Axes           | 3 4 5 7 8 9 11 13 | 13.7
Fighting       | 4 5 6 7 8 9 |  9.8
Armour         | |  3.2
Shields        | |  3.2

Action                   |  1- 3 |  4- 6 |  7- 9 || total
-------------------------+-------+-------+-------++-------
Melee: War axe           |   125 |   111 |   323 ||   559
  Use: Scroll            |     8 |     1 |     5 ||    14
       Potion            |       |       |     3 ||     3
  Eat: Chunk             |       |     5 |    11 ||    16
Armor: Scale mail        |    75 |    36 |   103 ||   214
Dodge: Dodged            |    47 |    17 |    74 ||   138
Block: Kite shield       |    63 |    46 |   129 ||   238

Table legend:
 A = Non-vault XP
 B = Vault XP
 C = Vault XP percentage of total XP
 D = Non-vault monster count
 E = Vault monster count
 F = Vault count percentage of total count
                 A         B        C        D         E       F
            +---------+---------+-------+---------+---------+-------
      Total |    2738 |    1471 |  34.9 |     134 |      12 |   8.2
            +---------+---------+-------+---------+---------+-------
        D:1 |      63 |       1 |   1.6 |      34 |       1 |   2.9
        D:2 |      54 |       0 |   0.0 |      11 |       0 |   0.0
        D:3 |     152 |       6 |   3.8 |      17 |       2 |  10.5
        D:4 |     482 |     408 |  45.8 |      18 |       3 |  14.3
        D:5 |     735 |     434 |  37.1 |      18 |       2 |  10.0
        D:6 |     598 |      41 |   6.4 |      24 |       1 |   4.0
        D:7 |     654 |     581 |  47.0 |      12 |       3 |  20.0
            +---------+---------+-------+---------+---------+-------
